Unix NetHack Version 5.0.0-0 post-release - last build May 10 2026 23:12:36 (d1fa5d53e341ca933230fdaa984d921c805b60aa,branch:main).

Game began 2026-05-11 05:23:59, ended 2026-05-11 05:45:20.

Ackbladder, lawful female dwarven Valkyrie

                                -------- ------
                                |<|>...---....|
                                |^|-..d.Z.....|
                                |^||.```|)....|
                                |.||....|.`...|
                                |.|------.----|
                                |.|    |......|
                                |^------......|
                                |.....^.......|
                                |..-----......|
                                ----   --------

Ackbladder the Fighter      St:18 Dx:13 Co:17 In:9 Wi:9 Ch:10  Lawful
Dlvl:6  $:230 HP:0(68) Pw:10(10) AC:-1 Xp:6 T:3583  Burdened

Latest messages:
 You hit the winter wolf cub!
 The kobold lord throws 2 darts!
 The 1st dart misses you.
 You are hit by the 2nd dart.
 The winter wolf cub bites!
 The winter wolf cub misses!
 You miss the winter wolf cub.
 The winter wolf cub bites!
 You miss the winter wolf cub.
 The kobold lord throws a dart!
 A dart misses you.
 The winter wolf cub misses!
 You miss the winter wolf cub.
 The winter wolf cub misses!
 The winter wolf cub just misses!
 You kill the winter wolf cub!
 The kobold lord throws a dart!
 A dart misses you.
 You hit the winter wolf cub!
 The winter wolf cub bites!
 You miss the winter wolf cub.
 The winter wolf cub bites!
 The winter wolf cub bites!
 You hit the winter wolf cub.
 The winter wolf cub misses!
 You miss the winter wolf cub.
 The winter wolf cub misses!
 You kill the winter wolf cub!
 You see here 2 winter wolf cub corpses.
 There are 2 winter wolf cub corpses here; eat one? [ynq] (n) y
 Blecch!  Rotten food!
 You finish eating the winter wolf cub corpse.
 The winter wolf cub snaps wildly and misses!
 You hit the winter wolf cub!
 The winter wolf cub strikes at thin air!
 You hit the winter wolf cub.
 The winter wolf cub bites!
 The gnome zombie attacks a spot beside you.
 The winter wolf cub bites!
 You hit the winter wolf cub!
 The gnome zombie misses!
 The winter wolf cub bites!
 #[: unknown extended command.
 Are you sure you want to pray? [yn] (n) y
 You begin praying to Tyr.
 The gnome zombie hits!
 The winter wolf cub bites!
 You die...
 Do you want your possessions identified? [ynq] (y) y
 Do you want to see your attributes? [ynq] (y) q

Inventory:
 Coins    ('$')
  $ - 230 gold pieces
 Weapons  (')')
  L - a cursed +0 sling
  b - a +0 dagger
  a - a +1 dwarvish spear
  y - a +0 silver saber (weapon in right hand)
 Armor    ('[')
  s - an uncursed +0 orcish helm
  B - an uncursed +1 shield of drain resistance
  c - an uncursed +3 small shield (being worn)
  E - an uncursed fireproof +0 cloak of magic resistance (being worn)
  h - an uncursed +0 banded mail (being worn)
 Comestibles  ('%')
  d - 7 uncursed food rations
  A - 3 uncursed fortune cookies
  T - an uncursed tripe ration
  j - an uncursed lichen corpse
 Scrolls  ('?')
  P - an uncursed scroll of blank paper
  I - a blessed scroll of confuse monster
  V - 2 uncursed scrolls of earth
  O - an uncursed scroll of identify
  M - an uncursed scroll of light
  S - an uncursed scroll of teleportation
 Spellbooks  ('+')
  p - an uncursed spellbook of chain lightning
 Potions  ('!')
  z - 2 uncursed potions of booze
  K - a cursed potion of extra healing
  i - an uncursed potion of fruit juice
  C - 3 uncursed potions of healing
  R - an uncursed potion of oil
  F - an uncursed potion of speed
 Rings    ('=')
  W - an uncursed ring of conflict
  f - an uncursed ring of teleport control
 Wands    ('/')
  D - a wand of cold (0:3)
  U - a wand of nothing (0:6)
  q - a wand of sleep (0:4)
 Tools    ('(')
  e - an uncursed oil lamp
  Q - an uncursed skeleton key
  N - an uncursed tin whistle
 Gems/Stones  ('*')
  o - a cursed garnet stone
  r - an uncursed jasper stone
  J - an uncursed worthless piece of black glass

Ackbladder the Valkyrie's attributes:

Background:
 You were a Fighter, a level 6 dwarven Valkyrie.
 You were lawful, on a mission for Tyr
 who was opposed by Odin (neutral) and Loki (chaotic).
 You were right-handed.
 You were in Sokoban, on level 6.
 You entered the dungeon 3583 turns ago.
 It was nighttime.
 You had 529 experience points, 111 more were needed to attain level 7.

Basics:
 You had 0 out of 68 hit points.
 You had all 10 energy points (spell power).
 Your armor class was -1.
 Your wallet contained 230 zorkmids.
 Autopickup was off.

Final Characteristics:
 Your strength was 18 (peak:18/01, limit:18/100).
 Your dexterity was 13 (limit:20).
 Your constitution was 17 (limit:20).
 Your intelligence was 9 (limit:16).
 Your wisdom was 9 (limit:16).
 Your charisma was 10 (limit:16).

Final Status:
 You weren't hungry.
 You were burdened; movement was slightly slowed.
 You were wielding a saber.
 You had basic skill with saber.

Final Attributes:
 You were piously aligned.
 You were magic-protected.
 You were cold resistant.
 You were poison resistant.
 You had infravision.
 You were invisible.
 You were stealthy.
 You were warded.
 You were unlucky.
 You are dead.

Miscellaneous:
 You encountered 1 bones level.
 Total elapsed playing time was 21 minutes and 20 seconds.

Major events:
 Turn
    1: Ackbladder the lawful dwarven Valkyrie entered the dungeon
  545: entered the Gnomish Mines
 1095: attained the rank of Skirmisher (level 3)
 2979: attained the rank of Fighter (level 6)
 3159: entered Sokoban
 3583: killed by a winter wolf cub, while praying

You didn't know any spells.

Skills:
 Fighting Skills
   bare handed combat [Unskilled]
   two weapon combat  [Unskilled]
   riding             [Unskilled]
 Weapon Skills
   dagger             [Basic]
   axe                [Unskilled]
   pick-axe           [Unskilled]
   short sword        [Unskilled]
   broadsword         [Unskilled]
   long sword         [Unskilled]
   two-handed sword   [Unskilled]
   saber              [Basic]
   hammer             [Unskilled]
   quarterstaff       [Unskilled]
   polearms           [Unskilled]
   spear              [Basic]
   trident            [Unskilled]
   lance              [Unskilled]
   sling              [Unskilled]
 Spellcasting Skills
   attack spells      [Unskilled]
   escape spells      [Unskilled]

Voluntary challenges:
 Character rerolling was not enabled.
 You never genocided any monsters.
 You never polymorphed an object.
 You never changed form.
 You used no wishes.
 You violated the special Sokoban rules once.
Achievements:
 You entered a shop.
 You entered the Gnomish Mines.
 You attained the rank of Skirmisher.
 You attained the rank of Fighter.
 You entered Sokoban.

 The Dungeons of Doom: levels 1 to 7
    Level 1:
       Some sinks.
    Level 2:
       A general store, some fountains.
       Stairs down to The Gnomish Mines.
    Level 3:
       A fountain, a sink.
    Level 4:
    Level 5:
    Level 6:
       Many fountains.
    Level 7:
       Stairs up to Sokoban, level 6.
 The Gnomish Mines:
    Level 3:
       Final resting place for
          kodon-Wiz-Hum-Mal-Neu, killed by a dwarf.
 Sokoban:
    Level 6: <- You were here.
       Unsolved.
       Final resting place for
          you, killed by a winter wolf cub, while praying.


Vanquished creatures:
  3 winter wolf cubs
  a jaguar
  3 human zombies
  3 shriekers
  a kobold mummy
  2 gray oozes
 an elf zombie
  a paper golem
  3 giant ants
  2 kobold leaders
  a kobold shaman
  6 hill orcs
  a rothe
  a rabid rat
  a centipede
  a monkey
  4 orc zombies
  a werejackal
 an acid blob
  a coyote
  2 gas spores
  a hobgoblin
  2 giant rats
  2 cave spiders
  a green mold
  2 geckos
 11 jackals
  2 goblins
  8 grid bugs
  3 lichens
  a kobold zombie
  3 newts
76 creatures vanquished.

No species were genocided or became extinct.

Game over:
                       ----------
                      /          \
                     /    REST    \
                    /      IN      \
                   /     PEACE      \
                  /                  \
                  |    Ackbladder    |
                  |      230 Au      |
                  |   killed by a    |
                  | winter wolf cub  |
                  |                  |
                  |                  |
                  |       2026       |
                 *|     *  *  *      | *
        _________)/\\_//(\/(/\)/\//\/|_)_______

Farvel Ackbladder the Valkyrie...

You died in Sokoban on dungeon level 6 with 2643 points,
and 230 pieces of gold, after 3583 moves.
You were level 6 with a maximum of 68 hit points when you died.

